 Dungeon Crawl Stone Soup version 0.31-a0-833-gc15d34cb79 (webtiles) character file.

Game seed: 10276907062504474611

61 Kurtz the Chopper (level 4, -3/46 HPs)
             Began as an Octopode Fighter on Sept 25, 2023.
             Slain by a gnoll
             ... wielding a +0 spear
              (5 damage)
             ... on level 2 of the Dungeon.
             The game lasted 00:00:46 (798 turns).

Kurtz the Chopper (Octopode Fighter)                 Turns: 798, Time: 00:00:47

Health: -3/46      AC: 22    Str: 15    XL:     4   Next: 7%
Magic:  4/4        EV:  2    Int: 10    God:
Gold:   90         SH:  4    Dex: 13    Spells: 3/3 levels left

rFire   . . .        j - +0 whip (elec)
rCold   . . .        b - +0 buckler
rNeg    . . .        (helmet currently unavailable)
rPois   +            (no amulet)
rElec   .            (no ring)
rCorr   .            (no ring)
SInv    .            (no ring)
Will    .....        (no ring)
Stlth   +            (no ring)
HPRegen 0.27/turn    (no ring)
MPRegen 0.09/turn    (no ring)
                     (no ring)

%: no passive effects
@: tree-form
A: stationary, stasis, torment immunity, boosted hp, almost no armour,
(amphibious), 8 rings, (camouflage 1), (gelatinous body 1), (nimble swimmer 1),
(tentacles)
a: no special abilities


You were on level 2 of the Dungeon.
You were a tree.
You visited 1 branch of the dungeon, and saw 2 of its levels.

You collected 90 gold pieces.

Inventory:

Hand Weapons
 a - a +0 war axe
 j - a +0 whip of electrocution (weapon)
Armour
 b - a +0 buckler (worn)
Scrolls
 d - a scroll of summoning {unknown}
 g - a scroll of teleportation {unknown}
 i - a scroll of fog {unknown}
Potions
 c - a potion of might
 f - a potion of cancellation {unknown}
 h - a potion of degeneration {unknown}


   Skills:
 - Level 3.0 Fighting
 * Level 4.2 Axes
 - Level 3.0 Dodging
 - Level 3.0 Shields


You had 3 spell levels left.
You didn't know any spells.
Your spell library was empty.

Dungeon Overview and Level Annotations

Branches:
Dungeon (2/15)

Altars:


Innate Abilities, Weirdness & Mutations

You are a tree.
Your roots penetrate the ground, keeping you stationary.
You cannot be teleported.
You are immune to unholy pain and torment.
Your maximum health is greatly increased.
You cannot wear most types of armour.
((You are amphibious.))
You can wear up to eight rings at the same time.
((Your skin changes colour to match your surroundings (Stealth+).))
((Your rubbery body absorbs attacks. (AC +1, EV +1)))
((You are camouflaged when in or above water. (Stealth+)))
((You have tentacles for arms and can constrict up to eight enemies at once.))


Message History

You kill the gnoll!
The gnoll hits you from afar with a +0 spear.
Your Axes skill increases to level 4!
Unknown command.
The gnoll closely misses you. You block the gnoll's attack.
Things that are here:
a +0 whip of electrocution; a gnoll corpse
j - a +0 whip of electrocution The gnoll hits you from afar with a +0 spear.
The gnoll hits you with a +0 club. The gnoll attacks as it pursues you!
You block the gnoll's attack. The gnoll attacks as it pursues you!
The gnoll misses you. The gnoll attacks as it pursues you!
The gnoll closely misses you.
You hear the crackle of electricity.
j - a +0 whip of electrocution (weapon)
The gnoll hits you with a +0 club.
You barely miss the gnoll. You grab the gnoll. You constrict the gnoll.
The gnoll closely misses you. The gnoll hits you with a +0 club!
The gnoll closely misses you.
Unknown command.
You hit the gnoll.
The gnoll is moderately wounded.
You constrict the gnoll. The gnoll closely misses you.
The gnoll hits you from afar with a +0 spear.
* * * LOW HITPOINT WARNING * * *
Unknown command.
You hit the gnoll.
The gnoll is severely wounded.
You constrict the gnoll. The gnoll misses you. The gnoll barely misses you.
Unknown command.
You release your grip on the gnoll.
You hit the gnoll.
You kill the gnoll!
The gnoll hits you from afar with a +0 spear.
* * * LOW HITPOINT WARNING * * *
You have reached level 4!
It was a potion of lignification.
You turn into a tree.
Your roots penetrate the ground.
The gnoll hits you from afar with a +0 spear.
You die...

#......###.#
######## #.# #.#
#)## #####..###
#........#
#......#.#
########......###
#gg)♣.......###
.######.#########.#
.'.......# #.#
.######..# #.# #.†#
#.# #..# .# #..#
...# .##.#


You could see 2 gnolls.

Vanquished Creatures
  2 gnolls (D:2)
  A dart slug (D:1)
  3 ball pythons
  3 endoplasms (D:1)
  3 giant cockroaches (D:1)
  5 goblins
  3 hobgoblins
  4 jackals (D:2)
  2 quokkas (D:1)
  4 bats (D:1)
  2 frilled lizards (D:1)
  2 kobolds (D:1)
34 creatures vanquished.

Notes
Turn   | Place    | Note
-------+----------+-------------------------------------------
     0 | D:1      | Kurtz the Octopode Fighter began the quest for the Orb.
     0 | D:1      | Reached XP level 1. HP: 16/16 MP: 1/1
   220 | D:1      | Reached XP level 2. HP: 21/21 MP: 2/2
   258 | D:1      | Reached skill level 3 in Axes
   296 | D:1      | Reached XP level 3. HP: 14/26 MP: 3/3
   654 | D:2      | Found a faded altar of an unknown god.
   785 | D:2      | Reached skill level 4 in Axes
   797 | D:2      | HP: 1/26 [gnoll/+0 spear (3)]
   798 | D:2      | Reached XP level 4. HP: 1/31 MP: 4/4
   798 | D:2      | Slain by a gnoll

Illustrated notes

Levels and vault maps discovered:
D:1:      denvon_arrival_planthouse, layout_rooms, kennysheep_small_spiral
D:2:      layout_basic, hellmonk_ecumenical_altar_dog_temple,
          minmay_hexomino_u4, uniq_crazy_yiuf_cottage

Skill      XL: |  1  2  3 |
---------------+----------+-----
Axes           | 3 4 |  4.2
Fighting       | |  3.0
Dodging        | |  3.0
Shields        | |  3.0

Action                     |  1- 3 |  4- 6 || total
---------------------------+-------+-------++-------
  Melee: War axe           |    43 |       ||    43
         Tentacles         |     5 |       ||     5
         Constrict         |    10 |       ||    10
         Punch             |     2 |       ||     2
         Whip              |     4 |       ||     4
    Use: Potion            |       |     1 ||     1
   Stab: Sleeping          |     2 |       ||     2
 Armour: Skin              |    26 |     1 ||    27
  Dodge: Dodged            |    41 |       ||    41
  Block: Buckler           |    10 |       ||    10

Table legend: (Time is in decaauts)
 A = Elapsed time spent in this place.
 B = Non-inter-level travel time spent in this place.
 C = Inter-level travel time spent in this place.
 D = Time resting spent in this place.
 E = Time spent auto-exploring this place.
 F = Levels seen in this place.
 G = Mean time per level.
                   A        B        C        D        E       F      G
               +--------+--------+--------+--------+--------+-----+--------+
         Total |    813 |    757 |     56 |     85 |    518 |   2 |  406.5 |
       Dungeon |    813 |    757 |     56 |     85 |    518 |   2 |  406.5 |
               +--------+--------+--------+--------+--------+-----+--------+

Top non-repeatable levels by time:
     D:1: 661 daAuts
     D:2: 152 daAuts
